 Dungeon Crawl Stone Soup version 0.32-a0-799-g95e1662365 (webtiles) character file.

Game seed: 771284326372756739

4 porpoise the Poker (level 1, -1/16 HPs)
             Began as a Demonspawn Gladiator on Mar 22, 2024.
             Slain by a gnoll
             ... wielding a +0 club
              (2 damage)
             ... on level 1 of the Dungeon.
             The game lasted 00:00:49 (433 turns).

porpoise the Poker (Demonspawn Gladiator)            Turns: 433, Time: 00:00:50

Health: -1/16      AC:  4    Str: 14    XL:     1   Next: 50%
Magic:  1/1        EV: 11    Int:  8    God:
Gold:   6          SH:  0    Dex: 14    Spells: 0/0 levels left

rFire   . . .        a - +0 trident
rCold   . . .        (no shield)
rNeg    . . .        b - +0 leather armour
rPois   .            c - +0 helmet
rElec   .            (no cloak)
rCorr   .            (no gloves)
SInv    .            (no boots)
Will    .....        (no amulet)
Stlth   +            g - ring of flight
HPRegen 0.22/turn    (no ring)
MPRegen 0.07/turn

%: no passive effects
@: flying
A: no striking features
a: no special abilities


You were on level 1 of the Dungeon.
You visited 1 branch of the dungeon, and saw 1 of its levels.

You collected 6 gold pieces.

Inventory:

Hand Weapons
 a - a +0 trident (weapon)
Missiles
 d - 3 throwing nets (quivered)
 e - a javelin
Armour
 b - a +0 leather armour (worn)
 c - a +0 helmet (worn)
Jewellery
 g - a ring of flight (left hand)
Scrolls
 h - a scroll of teleportation {unknown}
 i - a scroll of identify {unknown}
Potions
 f - a potion of berserk rage {unknown}


   Skills:
 + Level 2.1 Fighting
 * Level 2.9 Polearms
 - Level 1.7 Throwing
 - Level 2.6 Dodging


You couldn't memorise any spells.
You didn't know any spells.
Your spell library contained the following spells:

 Spells                   Type           Power      Damage    Failure   Level
 Lesser Beckoning         Tloc           0%         N/A       63%         2
 Gell's Gravitas          Tloc           0%         N/A       86%         3
 Teleport Other           Tloc           0%         N/A       86%         3


Dungeon Overview and Level Annotations

Branches:
Dungeon (1/15)

Altars:


Message History

Found a short sword.
There is an open door here.
A frilled lizard comes into view.
Found a scroll labelled AGEAPA FUCOTOA.
You reach to attack!
You barely miss the frilled lizard. You hit the frilled lizard.
You kill the frilled lizard!
h - a scroll labelled AGEAPA FUCOTOA
i - a scroll labelled PUOREGI SAIDEAMM A gnoll comes into view.
It is wielding a +0 club.
The gnoll shouts!
The gnoll moves out of view.
You reach to attack!
You hit the gnoll.
The gnoll is moderately wounded.
You hit the gnoll.
The gnoll is severely wounded.
The gnoll hits you but does no damage. The gnoll completely misses you.
You hit the gnoll.
The gnoll is almost dead.
The gnoll hits you with a +0 club.
You barely miss the gnoll.
The gnoll is almost dead.
The gnoll hits you with a +0 club.
You are too injured to fight recklessly!
You are too injured to fight recklessly!
You hit the gnoll but do no damage.
The gnoll is severely wounded.
The gnoll hits you with a +0 club.
* * * LOW HITPOINT WARNING * * *
You hit the gnoll but do no damage.
The gnoll is severely wounded.
The gnoll hits you with a +0 club.
* * * LOW HITPOINT WARNING * * *
You closely miss the gnoll.
The gnoll is severely wounded.
The gnoll closely misses you.
You barely miss the gnoll.
The gnoll is severely wounded.
The gnoll hits you with a +0 club.
You die...

.. # ... ######## #.. #.###
.......# ... #.... ##...#.####
#.# # #..#. #........# #.#####.#
.#..#. #.....##.##.###.#.....#
...#.
#.....##.##....g......#.#####.#.
#.....##.# ###@# . .........
#.....##.####...#.... .........
+#+##..##....................#..#
....#..#######.####..#.#.###.#..#
.<..#..# #..# ...# #.#..#
##.##########.########## ###.#..#
#.....................# #...#...
####.#####..........##.# #.#..#.#
....................##.# #....#.#


You could see a gnoll.

Vanquished Creatures
  3 kobolds (D:1)
  A frilled lizard (D:1)
  A goblin (D:1)
5 creatures vanquished.

Notes
Turn   | Place    | Note
-------+----------+-------------------------------------------
     0 | D:1      | porpoise the Demonspawn Gladiator began the quest for the
                  | Orb.
     0 | D:1      | Reached XP level 1. HP: 16/16 MP: 1/1
   433 | D:1      | Slain by a gnoll

Illustrated notes

Levels and vault maps discovered:
D:1:      dpeg_arrival_ratfight, layout_basic, minmay_pentomino_q4

Action                     || total
---------------------------++-------
  Melee: Trident           ||    16
 Armour: Leather armour    ||     6
  Dodge: Dodged            ||     2

Table legend: (Time is in decaauts)
 A = Elapsed time spent in this place.
 B = Non-inter-level travel time spent in this place.
 C = Inter-level travel time spent in this place.
 D = Time resting spent in this place.
 E = Time spent auto-exploring this place.
 F = Levels seen in this place.
 G = Mean time per level.
                   A        B        C        D        E       F      G
               +--------+--------+--------+--------+--------+-----+--------+
         Total |    434 |    434 |      0 |      0 |    376 |   1 |  434.0 |
       Dungeon |    434 |    434 |      0 |      0 |    376 |   1 |  434.0 |
               +--------+--------+--------+--------+--------+-----+--------+

Top non-repeatable levels by time:
     D:1: 434 daAuts
